 Dungeon Sprint DCSS version 0.21.1-1-g345015f (webtiles) character file.

444 Fang the Cleaver (level 6, -9/67 HPs)
             Began as a Minotaur Berserker on May 31, 2018.
             Was an Elder of Trog.
             Mangled by a yak (10 damage)
             ... in the Dungeon (Sprint IX: "|||||||||||||||||||||||||||||").
             The game lasted 00:00:43 (285 turns).

Fang the Cleaver (Minotaur Berserker)                Turns: 285, Time: 00:00:43

Health: -9/67      AC:  2    Str: 23    XL:     6   Next: 72%
Magic:  5/5        EV: 16    Int:  4    God:    Trog [****..]
Gold:   0          SH:  0    Dex: 16    Spells: 5/5 levels left

rFire    . . .     SeeInvis .   n - +3 war axe (freeze)
rCold    . . .     Gourm    .   (no shield)
rNeg     . . .     Faith    .   b - +0 animal skin
rPois    .         Spirit   .   (helmet restricted)
rElec    .         Reflect  .   (no cloak)
rCorr    .         Harm     .   (no gloves)
MR       .....     NoTele   +   (no boots)
Stlth    ++........             (no amulet)
HPRegen  0.21/turn              o - +3 ring of dexterity
MPRegen  0.09/turn              p - +3 ring of dexterity

@: berserk cooldown, slowed, very slow
A: retaliatory headbutt, horns 2
a: Berserk, Trog's Hand, Brothers in Arms, Burn Spellbooks, Renounce Religion


You were in the Dungeon.
You worshipped Trog.
Trog was greatly pleased with you.
You were not hungry.

You visited 1 branch

Inventory:

Hand Weapons
 a - a +0 hand axe
 n - a +3 war axe of freezing (weapon)
Armour
 b - a +0 animal skin (worn)
Jewellery
 o - a +3 ring of dexterity (left hand)
 p - a +3 ring of dexterity (right hand)
Wands
 m - a wand of acid (10)
Scrolls
 i - 2 scrolls of blinking
 l - 3 scrolls of remove curse
Potions
 d - 5 potions of curing
 e - 2 potions of heal wounds
 f - a potion of haste
 g - 4 potions of magic
 h - a potion of berserk rage
 k - a potion of invisibility
Comestibles
 c - a ration
 j - 6 chunks of flesh


   Skills:
 + Level 10.3 Fighting
 + Level 11.8 Axes
 + Level 5.9 Armour
 + Level 6.3 Dodging
 + Level 0.4 Stealth


You had 5 spell levels left.
You didn't know any spells.

Dungeon Overview and Level Annotations

Branches:
Dungeon (1/1)

Altars:
Cheibriados
Dithmenos
Elyvilon
Fedhas
Gozag
Hepliaklqana
Kikubaaqudgha
Makhleb
Nemelex Xobeh
Okawaru
Qazlal
Ru
Sif Muna
Trog
Uskayaw
Vehumet
Wu Jian
Xom
Yredelemnul
Zin
The Shining One
Beogh
Jiyva
Lugonu


Innate Abilities, Weirdness & Mutations

You reflexively headbutt those who attack you in melee.
You have a pair of horns on your head.


Message History

The yak gores you!
* * * LOW HITPOINT WARNING * * *
The yak gores you!
* * * LOW HITPOINT WARNING * * *
Unknown command.
You hit the yak. You freeze the yak.
The yak is heavily wounded.
The yak barely misses you. You furiously retaliate!
You headbutt the yak, but do no damage.
Unknown command.
You hit the yak but do no damage.
The yak is heavily wounded.
The yak barely misses you.
Unknown command.
You hit the yak but do no damage. You headbutt the yak.
The yak is heavily wounded.
The yak gores you.
* * * LOW HITPOINT WARNING * * *
The yak gores you!
You die... ▓▓▓▓▓▓▓▓▓▓▓▓▓▓▓▓▓▓▓▓▓▓▓▓▓ +....aOY@.[[[)|?.'_______ ▓▓▓▓▓▓▓▓▓▓▓▓▓▓▓▓▓▓▓▓▓▓▓▓▓

You could see a two-headed ogre, a yak and a worker ant.

Vanquished Creatures
  A water moccasin (D)
  2 centaurs (D)
  An ogre (D)
  A wight (D)
  A crimson imp (D)
  A worker ant (D)
  A leopard gecko (D)
  A kobold (D)
  A bat (D)
  A giant cockroach zombie (D)
  2 rats (D)
13 creatures vanquished.

Notes
Turn   | Place    | Note
-------+----------+-------------------------------------------
     0 | D        | Fang the Minotaur Berserker began the quest for the Orb.
     0 | D        | Reached XP level 1. HP: 19/19 MP: 0/0
     7 | D        | Reached skill level 4 in Axes
    13 | D        | Reached ** piety under Trog
    96 | D        | Noticed a centaur
    96 | D        | Noticed a centaur
    96 | D        | Noticed a worker ant
    96 | D        | Noticed a crimson imp
    96 | D        | Noticed an ogre
   101 | D        | Killed an ogre
   101 | D        | Reached skill level 7 in Axes
   101 | D        | Reached XP level 2. HP: 31/31 MP: 1/1
   101 | D        | Reached XP level 3. HP: 38/38 MP: 2/2
   101 | D        | Reached XP level 4. HP: 45/45 MP: 3/3
   104 | D        | Reached *** piety under Trog
   104 | D        | Reached skill level 8 in Axes
   106 | D        | Killed a centaur
   106 | D        | Reached skill level 9 in Axes
   106 | D        | Reached XP level 5. HP: 56/56 MP: 4/4
   111 | D        | Killed a centaur
   111 | D        | Reached skill level 10 in Axes
   111 | D        | Reached skill level 5 in Armour
   111 | D        | Reached skill level 5 in Dodging
   111 | D        | Reached XP level 6. HP: 63/63 MP: 5/5
   212 | D        | Found a roughly hewn altar of Beogh.
   212 | D        | Found a snail-covered altar of Cheibriados.
   212 | D        | Found a shadowy altar of Dithmenos.
   212 | D        | Found a white marble altar of Elyvilon.
   212 | D        | Found a blossoming altar of Fedhas.
   212 | D        | Found an opulent altar of Gozag.
   213 | D        | Found a hazy altar of Hepliaklqana.
   214 | D        | Found a viscous altar of Jiyva.
   215 | D        | Found an ancient bone altar of Kikubaaqudgha.
   216 | D        | Found a corrupted altar of Lugonu.
   217 | D        | Found a burning altar of Makhleb.
   218 | D        | Found a sparkling altar of Nemelex Xobeh.
   219 | D        | Found an iron altar of Okawaru.
   220 | D        | Found a stormy altar of Qazlal.
   221 | D        | Found a sacrificial altar of Ru.
   222 | D        | Found a deep blue altar of Sif Muna.
   223 | D        | Found a bloodstained altar of Trog.
   224 | D        | Found a hide-covered altar of Uskayaw.
   225 | D        | Found a radiant altar of Vehumet.
   226 | D        | Found an ornate altar of the Wu Jian Council.
   227 | D        | Found a shimmering altar of Xom.
   228 | D        | Found a basalt altar of Yredelemnul.
   229 | D        | Found a glowing silver altar of Zin.
   230 | D        | Found a glowing golden altar of the Shining One.
   264 | D        | Noticed a two-headed ogre
   264 | D        | Noticed a yak
   264 | D        | Noticed a water moccasin
   270 | D        | Reached **** piety under Trog
   270 | D        | Reached skill level 11 in Axes
   276 | D        | Killed a water moccasin
   276 | D        | Reached skill level 10 in Fighting
   282 | D        | HP: 2/67 [yak (10)]
   285 | D        | Mangled by a yak

Skill      XL: |  1  2  3  4  5  6 |
---------------+-------------------+-----
Fighting       | 6 8 9 10 | 10.3
Axes           | 7 9 10 11 | 11.8
Armour         | 3 4 5 |  5.9
Dodging        | 3 4 5 6 |  6.3
Stealth        | |  0.4

Action                   |  1- 3 |  4- 6 || total
-------------------------+-------+-------++-------
Melee: Hand axe          |    15 |    20 ||    35
       Headbutt          |     5 |     7 ||    12
       War axe           |       |    15 ||    15
Invok: Berserk           |     1 |     1 ||     2
  Use: Potion            |       |     1 ||     1
Armor: Animal skin       |     3 |     2 ||     5
Dodge: Dodged            |     7 |    15 ||    22
